Cogmind - Beta 16 @@@ ROGUE MODE // 2025.11.14 @ 09:29:21 Player: shapeshifter Result: Destroyed by G-67 Veteran with Plasma Rifle Performance ------------- Evolutions (6) 3000 Regions Visited (6) 1200 Robots Destroyed (8) 40 Value Destroyed (324) 324 Prototype IDs (10) 200 Alien Tech Used (0) 0 Bonus (2143) 2143 TOTAL SCORE: 6907 Bonus ------- High Alert Combat Kills 6 Follower Combat Kills 1349 Registered with UFD 300 Met Optimus in HQ 500 Friendly Fire -12 Cogmind --------- Core Integrity 0/1150 Matter 224/300 Energy 98/100 System Corruption 9% Temperature Cool (12) Movement Core (50) Location -4/Extension Parts ------- > --- POWER (3) -------- (None) > --- PROPULSION (2) --- (None) > --- UTILITY (11) ----- Advanced Signal Interpreter Graphene Brace Hacking Suite > --- WEAPON (3) ------- (None) > --- INVENTORY (5) ---- Force Booster Transmission Jammer Mapping Drone Bay (3/3) Force Lance Peak State ------------ > --- POWER ------------ (None) > --- PROPULSION ------- (None) > --- UTILITY ---------- Machine Analyzer Advanced Sensor Array Advanced Signal Interpreter Experimental Terrain Scanner Surveybot 17 Chip Makeshift Salvage Targeting Computer Advanced Target Analyzer Hacking Suite Improved Hacking Suite System Shield > --- WEAPON ----------- Plasma Sword > --- INVENTORY -------- Light Antimatter Reactor Deep Structural Scanner Transmission Jammer Mapping Drone Bay Quantum Rifle [Rating: 60] Favorites ----------- Power Light Ion Engine Engine Light Ion Engine Propulsion None Utility Small Storage Unit Device Seismic Detector Storage Small Storage Unit Processor Terrain Scan Processor Hackware Improved Hacking Suite Weapon Riot Gun Energy Gun Riot Gun Ballistic Gun Light Assault Rifle Launcher Grenade Launcher Special Weapon CPS Tube Slashing Weapon Chainsword Piercing Weapon Force Lance Build | -11 -10 -10 -7 -5 -4 -4 ------- Run | Yrd Mat Sub Scr Fac Fac Ext Slots Evolved 12 | . . . . 10 2 . Power 2 | . . . . 2 . . Propulsion . | . . . . . . . Utility 9 | . . . . 7 2 . Weapon 1 | . . . . 1 . . Parts Attached 38 | 4 1 4 7 9 13 . Power 2 | . . 1 1 . . . Engine 2 | . . 1 1 . . . Core . | . . . . . . . Reactor . | . . . . . . . Propulsion . | . . . . . . . Treads . | . . . . . . . Leg . | . . . . . . . Wheel . | . . . . . . . Hover . | . . . . . . . Flight . | . . . . . . . Utility 21 | 1 1 . 4 3 12 . Device 11 | 1 . . 3 1 6 . Storage 1 | . . . 1 . . . Processor 6 | . 1 . . 1 4 . Hackware 3 | . . . . 1 2 . Protection . | . . . . . . . Artifact . | . . . . . . . Weapon 15 | 3 . 3 2 6 1 . Energy Gun 4 | 1 . 2 . 1 . . Energy Cannon . | . . . . . . . Ballistic Gun 4 | 2 . . . 2 . . Ballistic Cannon . | . . . . . . . Launcher 1 | . . 1 . . . . Special Weapon 3 | . . . 1 2 . . Impact Weapon . | . . . . . . . Slashing Weapon 2 | . . . 1 1 . . Piercing Weapon 1 | . . . . . 1 . Special Melee Weapon . | . . . . . . . Unidentified Prototypes 3 | . . . . 2 1 . Parts Lost 12 | . . 4 . 1 7 . Power 1 | . . 1 . . . . Propulsion . | . . . . . . . Utility 7 | . . 1 . . 6 . Weapon 4 | . . 2 . 1 1 . Highest Loss Streak 4 | . . 4 . 1 3 . To Critical Strikes 1 | . . 1 . . . . Average Backups 6 | 3 4 4 7 8 4 3 Power . | 1 2 1 . . . . Propulsion . | . . . . . . . Utility 3 | . 1 1 3 5 3 3 Weapon 1 | 1 1 1 1 2 1 . Tool/Special . | . . . . . . . Unused Backups 12 | . . . 5 1 3 3 Power 2 | . . . 1 . 1 . Propulsion . | . . . . . . . Utility 5 | . . . 1 . 1 3 Weapon 3 | . . . 1 1 1 . Tool/Special 2 | . . . 2 . . . Average Slot Usage (%) 44 | . 45 66 40 19 35 15 Engine 4 | . . 10 3 . . . Device 9 | . 14 13 9 2 7 5 Storage 5 | . . . 13 5 . . Processor 8 | . 3 14 4 3 16 5 Hackware 1 | . . . . 3 6 5 Energy Gun 7 | . 14 21 1 . . . Ballistic Gun 2 | . 14 5 . . . . Special Weapon 1 | . . . 3 . . . Slashing Weapon 2 | . . . 4 2 3 . Peak Build Rating 60 | 3 5 9 20 26 60 23 Average Rating 14 | 1 3 7 11 16 41 17 On Entrance 7 | . 3 5 2 10 15 17 Avg Prop Armor Cover (%) . | . . . . . . . Naked Turns . | . . . . . . . Heaviest Build 15 | 3 3 11 15 11 11 7 Greatest Support 3 | 3 3 3 3 3 3 3 Greatest Overweight (x) 4 | . . 3 4 3 3 2 Average Overweight (x) 1 | . . 1 1 1 . . Largest Inventory Capacity 8 | 5 5 5 8 8 8 5 Average Capacity 6 | 5 5 5 7 8 5 5 Most Carried 8 | 5 5 5 8 8 7 4 Average Carried 6 | 3 4 4 7 7 4 3 Final Capacity 8 | 5 5 5 8 8 5 5 Final Carried 8 | 4 5 5 8 8 4 4 Class Distribution -------------------- 79% | Mutant 12% | Commander-Mutant 4% | Assassin Dominant Class ---------------- Mutant | -10/Materials Mutant | -10/Subcaves Mutant | -7/Scraptown Commander-Mutant | -5/Factory Assassin | -4/Factory Mutant | -4/Extension Resources | -11 -10 -10 -7 -5 -4 -4 ----------- Run | Yrd Mat Sub Scr Fac Fac Ext Matter Collected 698 | 246 14 39 110 169 120 . Remotely . | . . . . . . . Salvage Created 264 | 23 . 111 . 100 30 . Parts 25 | 2 . 12 . 6 5 . Haulers Intercepted . | . . . . . . . Recyclers Shooed . | . . . . . . . Parts Field Recycled . | . . . . . . . Retrieved Matter . | . . . . . . . Parts Self-Destructed 12 | . . 12 . . . . Prevented . | . . . . . . . Parts Restored . | . . . . . . . Kills | -11 -10 -10 -7 -5 -4 -4 ------- Run | Yrd Mat Sub Scr Fac Fac Ext Combat Hostiles Destroyed 6 | . . 4 . 2 . . Guns 2 | . . . . 2 . . AOE 4 | . . 4 . . . . Classes Destroyed 5 | 1 . 1 . 2 1 . Tunneler 1 | 1 . . . . . . Operator 1 | . . . . . 1 . Swarmer 1 | . . . . 1 . . Hunter 1 | . . . . 1 . . Subdweller 4 | . . 4 . . . . Best Kill Streak 4 | 1 . 4 . 2 1 . Combat Bots Only 4 | . . 4 . 2 . . Max Kills in Single Turn 1 | 1 . 1 . 1 1 . Gunslinging . | . . . . . . . Exploded 1 | . . 1 . . . . Melee . | . . . . . . . Uniques/NPCs Destroyed . | . . . . . . . Combat | -11 -10 -10 -7 -5 -4 -4 -------- Run | Yrd Mat Sub Scr Fac Fac Ext Hostile Shots Fired 173 | . . 20 . 24 104 25 Missed 60 | . . 3 . 3 41 13 Hits 113 | . . 17 . 21 63 12 Projectile 113 | . . 17 . 21 63 12 Critical Strikes 4 | . . 1 . 1 2 . Part Disruptions 1 | . . . . . 1 . Damage Taken 2439 | . . 343 . 544 1221 331 Core 1674 | . . 131 . 387 830 326 Absorbed by Shields . | . . . . . . . Core Remaining (%) 69 | 100 . . 47 61 . . Volleys Fired 32 | 2 4 19 . 4 3 . Largest 2 | 2 2 2 . 2 1 . Hottest 110 | 60 60 110 . 61 94 . Shots Fired 50 | 4 8 28 . 7 3 . Gun 43 | 4 8 21 . 7 3 . Cannon . | . . . . . . . Launcher 7 | . . 7 . . . . Special . | . . . . . . . Kinetic 14 | 2 4 1 . 7 . . Thermal 21 | 2 4 12 . . 3 . Explosive 7 | . . 7 . . . . Electromagnetic 8 | . . 8 . . . . Robot Hit Streak 7 | 1 3 5 . 7 . . Robot Miss Streak 4 | 2 4 1 . . . . Penetration Max . | . . . . . . . Secondary Targets . | . . . . . . . Shots Hit Robots 24 | 2 4 7 . 6 4 1 Core Hits 13 | 1 1 7 . 2 2 . Critical Kills . | . . . . . . . Critical Parts Destroyed . | . . . . . . . Critical Strikes 1 | . . . . . 1 . Sever 1 | . . . . . 1 . Melee Attacks 25 | . . . . 1 22 2 Impact . | . . . . . . . Slashing 18 | . . . . 1 17 . Piercing 7 | . . . . . 5 2 Sneak Attacks . | . . . . . . . Combat Hostiles . | . . . . . . . Follow-up Attacks . | . . . . . . . Damage Inflicted 699 | 24 39 336 . 49 214 37 Guns 122 | 24 39 10 . 49 . . Cannons . | . . . . . . . Explosions 326 | . . 326 . . . . Melee 232 | . . . . . 205 27 Ramming 19 | . . . . . 9 10 Kinetic 77 | 12 16 . . 49 . . Thermal 35 | 12 23 . . . . . Explosive 326 | . . 326 . . . . Electromagnetic 10 | . . 10 . . . . Impact . | . . . . . . . Slashing 205 | . . . . . 205 . Piercing 27 | . . . . . . 27 Highest Corruption 9 | . 1 1 . . 9 9 Average Corruption 1 | . 1 1 . . 5 9 Corruption Purged . | . . . . . . . Corruption Blocked . | . . . . . . . Effects 13 | . . 9 . . 2 2 Message Errors 2 | . . 2 . . . . Matter Fused 3 | . . 2 . . . 1 Heat Flow Errors 4 | . . 3 . . . 1 Energy Discharges 1 | . . . . . 1 . Data Loss (minor) 2 | . . 1 . . 1 . Misfires 1 | . . 1 . . . . Overload Shots . | . . . . . . . Overflow Damage . | . . . . . . . Projectiles . | . . . . . . . Explosions . | . . . . . . . Melee . | . . . . . . . Knockbacks . | . . . . . . . Impact . | . . . . . . . Kinetic . | . . . . . . . Secondary . | . . . . . . . Self-Inflicted Damage 8 | . . . . . 3 5 Shots . | . . . . . . . Rammed 4 | . . . . . 3 1 Targets Rammed 4 | . . . . . 3 1 Kicked . | . . . . . . . Crushed . | . . . . . . . Highest Temperature 200 | . 10 200 . . 16 114 Average Temperature 42 | . 7 78 . . 8 73 Received Heat Transfer 240 | . . 27 . 99 72 42 Siege Activations . | . . . . . . . Martial Activations . | . . . . . . . Shielding Activations . | . . . . . . . Robots Disrupted . | . . . . . . . Combat Hostiles . | . . . . . . . Robots Corrupted . | . . . . . . . Combat Hostiles . | . . . . . . . Parts Fried . | . . . . . . . Impact Corruptions . | . . . . . . . Robots Melted . | . . . . . . . Combat Hostiles . | . . . . . . . Parts Melted . | . . . . . . . Heat Transferred 75 | 25 50 . . . . . Parts Sabotaged . | . . . . . . . Parts Stolen . | . . . . . . . Parts Stripped . | . . . . . . . Power Chain Reactions . | . . . . . . . Alert | -11 -10 -10 -7 -5 -4 -4 ------- Run | Yrd Mat Sub Scr Fac Fac Ext Maximum Alert Level 3 | . . . . 3 2 1 Low Security (%) 25 | 100 100 . . 32 . . Level 1 10 | . . . . 12 . 100 Level 2 42 | . . . . 6 100 . Level 3 21 | . . . . 48 . . Level 4 . | . . . . . . . Level 5 . | . . . . . . . High Security . | . . . . . . . Max Security . | . . . . . . . Peak Influence 980 | 5 4 . . 980 683 285 Initial 480 | . . . . . 480 280 Average 466 | 1 . . . 519 566 275 Influence Increases 1927 | 5 4 15 . 1316 566 21 Destroy 0b10 Robot/C 760 | . . . . 580 180 . Destroy 0b10 Robot/NC 50 | 5 . . . 10 35 . Destroy Leader 170 | . . . . 130 40 . Allied During Kill 503 | . . . . 412 91 . Successful Hack 102 | . 4 . . 68 24 6 Disable Machine 60 | . . . . 30 15 15 Destroy Structure 162 | . . . . 86 76 . Lose Combat Pursuer 120 | . . 15 . . 105 . Influence Decreases 1656 | 5 4 15 . 336 972 324 Entered New Map 794 | . . . . . 500 294 Time Decay 558 | 5 4 15 . 242 262 30 Lost Part 80 | . . . . 10 70 . Lost Ally 224 | . . . . 84 140 . Squads Dispatched 14 | . 1 . . 5 8 . Investigation 6 | . 1 . . 3 2 . Extermination 2 | . . . . . 2 . Reinforcement 4 | . . . . 2 2 . Assault 2 | . . . . . 2 . Garrison . | . . . . . . . Intercept . | . . . . . . . Searches Triggered . | . . . . . . . Construction Impeded 2 | . . . . 1 1 . Haulers Reinforced 2 | . . . . 1 1 . Active Scanning Responses . | . . . . . . . Cargo Convoy Interrupts . | . . . . . . . Stealth | -11 -10 -10 -7 -5 -4 -4 --------- Run | Yrd Mat Sub Scr Fac Fac Ext Distress Signals 1 | . . . . . 1 . Communications Jammed . | . . . . . . . Distress Signals . | . . . . . . . Times Spotted 71 | . 5 6 . 25 23 12 Peak Tracking Total 11 | . 3 3 . 5 7 11 Tactical Retreats 5 | . . 1 . . 4 . Traps | -11 -10 -10 -7 -5 -4 -4 ------- Run | Yrd Mat Sub Scr Fac Fac Ext Traps Triggered 5 | . 1 . . 1 2 1 Indirectly . | . . . . . . . Trap Hack Attempts . | . . . . . . . Triggered . | . . . . . . . Disarmed . | . . . . . . . Reprogrammed . | . . . . . . . Reused . | . . . . . . . Traps Extracted . | . . . . . . . Installed . | . . . . . . . Triggered . | . . . . . . . Machines | -11 -10 -10 -7 -5 -4 -4 ---------- Run | Yrd Mat Sub Scr Fac Fac Ext Machines Disabled 4 | . . . . 2 1 1 Max in Single Turn 1 | . . . . . 1 1 Machines Repaired . | . . . . . . . Machines Dismantled . | . . . . . . . Machines Sabotaged . | . . . . . . . Overloaded Fab Kills . | . . . . . . . Hacking | -11 -10 -10 -7 -5 -4 -4 --------- Run | Yrd Mat Sub Scr Fac Fac Ext Machines Accessed 20 | . 1 . 1 10 6 2 Terminals 11 | . 1 . . 4 4 2 Fabricators 1 | . . . . 1 . . Repair Stations . | . . . . . . . Recycling Units 5 | . . . . 3 2 . Scanalyzers 2 | . . . . 2 . . Garrison Access . | . . . . . . . Total Hacks 64 | . 2 . 18 27 13 4 Successful 40 | . 1 . 18 14 6 1 Failed 23 | . 1 . . 12 7 3 Catastrophic 3 | . . . . . 2 1 Database Lockouts 1 | . . . . 1 . . Manual 17 | . 2 . . 4 9 2 Terminals 26 | . 2 . . 11 9 4 Fabricators 2 | . . . . 2 . . Repair Stations . | . . . . . . . Recycling Units 14 | . . . . 10 4 . Scanalyzers 4 | . . . . 4 . . Garrison Access . | . . . . . . . Terminal Hacks 26 | . . . 18 4 3 1 Record 18 | . . . 18 . . . Part Schematic 1 | . . . . 1 . . Open Door 1 | . . . . . . 1 Level Access Points 1 | . . . . . 1 . Branch Access Points 1 | . . . . . 1 . Locate Traps 1 | . . . . 1 . . Registered Components 1 | . . . . . 1 . Zone Layout 2 | . . . . 2 . . Fabricator Hacks 1 | . . . . 1 . . Build 1 | . . . . 1 . . Repair Station Hacks . | . . . . . . . Recycling Unit Hacks 2 | . . . . 2 . . Retrieve Components 2 | . . . . 2 . . Scanalyzer 3 | . . . . 3 . . Insert Component 1 | . . . . 1 . . Analyze 1 | . . . . 1 . . Retrieve Study 1 | . . . . 1 . . Garrison Access Hacks . | . . . . . . . Unauthorized Hacks 8 | . 1 . . 4 3 . Terminals 3 | . 1 . . . 2 . Botnet 2 | . . . . . 2 . Skim 1 | . 1 . . . . . Fabricators 1 | . . . . 1 . . Prioritize 1 | . . . . 1 . . Repair Stations . | . . . . . . . Recycling Units 4 | . . . . 3 1 . Scrapoids 4 | . . . . 3 1 . Scanalyzers . | . . . . . . . Garrison Access . | . . . . . . . Data Cores Recovered 3 | . 1 . . 1 1 . Used . | . . . . . . . Hacking Detections 16 | . 1 . . 8 6 1 Full Trace Events 1 | . . . . . 1 . Feedback Events . | . . . . . . . Feedback Blocked . | . . . . . . . Robot Schematics Acquired . | . . . . . . . Robots Built . | . . . . . . . Authchips . | . . . . . . . Time . | . . . . . . . Total Robot Build Rating . | . . . . . . . Part Schematics Acquired 2 | . . . . 2 . . Parts Built 2 | . . . . 2 . . Authchips . | . . . . . . . Time 128 | . . . . 128 . . Total Part Build Rating 16 | . . . . 16 . . Part Studies Acquired 1 | . . . . 1 . . Parts Repaired . | . . . . . . . Time . | . . . . . . . Parts Recycled . | . . . . . . . Recycled Matter . | . . . . . . . Retrieved Matter . | . . . . . . . Retrieved Components 3 | . . . . 3 . . Parts Scanalyzed 1 | . . . . 1 . . Part Schematics Acquired 1 | . . . . 1 . . Parts Damaged . | . . . . . . . Bothacking | -11 -10 -10 -7 -5 -4 -4 ------------ Run | Yrd Mat Sub Scr Fac Fac Ext Used RIF Installer . | . . . . . . . Robots Hacked . | . . . . . . . Non-combat . | . . . . . . . Combat . | . . . . . . . Robot Hacks Applied . | . . . . . . . Relay Couplers Released . | . . . . . . . Fabnet Peak Effective % . | . . . . . . . Robots Rewired . | . . . . . . . Allies Hacked . | . . . . . . . Hacks Repelled . | . . . . . . . Allies | -11 -10 -10 -7 -5 -4 -4 -------- Run | Yrd Mat Sub Scr Fac Fac Ext Total Allies 15 | . . . . 10 5 . Largest Group 9 | . . . . 9 7 . Highest-Rated Group 435 | . . . . 435 332 . Highest-Rated Ally 50 | . . . . 50 50 . Total Orders . | . . . . . . . Ally Attacks 250 | . . . . 175 75 . Total Damage 5508 | . . . . 3465 2043 . Kills 46 | . . . . 31 15 . Allies Corrupted . | . . . . . . . Allies Melted . | . . . . . . . Intel | -11 -10 -10 -7 -5 -4 -4 ------- Run | Yrd Mat Sub Scr Fac Fac Ext Active Infowar (turns) 1895 | 5 121 1242 2 . 525 . Sensors 129 | . . . . . 129 . IFF 1 | . . . 1 . . . Terrain 424 | . . . 1 . 423 . Structural 11 | . . . . . 11 . Seismic 1368 | 5 121 1242 . . . . Machine Analysis 314 | . . . . . 314 . Robot Analysis Total . | . . . . . . . Derelict Logs Recovered 2 | . . 1 1 . . . Drone Launches . | . . . . . . . Drone Recoveries . | . . . . . . . Exploration | -11 -10 -10 -7 -5 -4 -4 ------------- Run | Yrd Mat Sub Scr Fac Fac Ext Turns Passed 4373 | 42 121 1286 1651 640 562 71 Spaces Moved 3308 | 49 121 746 1276 447 558 111 Core 3308 | 49 121 746 1276 447 558 111 Treads . | . . . . . . . Legs . | . . . . . . . Wheels . | . . . . . . . Hover . | . . . . . . . Flight . | . . . . . . . Fastest Speed 50 | 50 50 50 50 100 50 50 Average Speed 111 | 50 50 135 120 121 78 51 Slowest Speed 250 | 50 50 200 250 200 200 150 Overloaded Moves . | . . . . . . . Propulsion Burnouts . | . . . . . . . Robots Hopped . | . . . . . . . Potential Cave-ins . | . . . . . . . Cave-ins Triggered . | . . . . . . . Exploration Rate (%) 28 | 3 27 32 80 14 19 24 Regions Visited 6 Branch Regions 3 Pre-discovered Areas 3 | . . . 3 . . . Known Exits Taken 2 | . . . . 1 1 . Unknown Exits Taken 4 | 1 1 1 1 . . . Scrap Searched 4 | . . . 4 . . . Spaces Dug 17 | . . . . 1 16 . Terrain Destroyed 57 | . . 40 . 1 16 . Melee 16 | . . . . 1 15 . Projectile 1 | . . . . . 1 . AOE 40 | . . 40 . . . . Terrain Rammed . | . . . . . . . Walls Destroyed . | . . . . . . . Machines Disabled . | . . . . . . . Actions | -11 -10 -10 -7 -5 -4 -4 --------- Run | Yrd Mat Sub Scr Fac Fac Ext Total 3921 | 61 173 994 1392 538 642 121 Wait 414 | . 47 221 77 43 21 5 Move 3302 | 48 120 745 1275 446 557 111 Hop . | . . . . . . . Pick Up 36 | 7 1 2 18 4 4 . Fast Attach 19 | . 1 1 1 6 10 . Attach 29 | 3 . 1 7 6 11 1 Detach 13 | . . . 1 5 6 1 Swap 3 | 1 . 2 . . . . Drop 29 | . . 3 13 8 5 . Fire 32 | 2 4 19 . 4 3 . Melee 25 | . . . . 1 22 2 Ram 4 | . . . . . 3 1 Kick . | . . . . . . . Crush . | . . . . . . . Escape Stasis 15 | . . . . 15 . . Rewire . | . . . . . . . Trap . | . . . . . . . Miscellaneous . | . . . . . . . Route ------- -11/Scrapyard -10/Materials (discovered 2 exits: [*Mat] / [*Sub]) -10/Subcaves (discovered 2 exits: [*Mat] / *Scr) -7/Scraptown (discovered 2 exits: *Fac x2) -5/Factory (discovered 6 exits: *Fac x4 / Upp x2) -4/Factory (discovered 8 exits: *Res x4 / Upp x2 / *Ext x2) -4/Extension History --------- Turn | Location | Event 21 | -11/Scrapyard | Discovered new exit (range 16) 43 | -11/Scrapyard | Entered Materials 44 | -10/Materials | Met a group of wandering Federalists 122 | -10/Materials | Discovered new exit (range 15) 163 | -10/Materials | Discovered new exit (range 3) 164 | -10/Materials | Entered Subcaves 164 | -10/Subcaves | Accompanied by 1 ally 165 | -10/Subcaves | Shifting Twisted Machinery released Battle Cannon 165 | -10/Subcaves | Continued accompanying wandering Federalists (1) 308 | -10/Subcaves | Build established: Mutant 379 | -10/Subcaves | Shifting Twisted Machinery released Sub. Optics 382 | -10/Subcaves | Wandering Federalist uncovered a shortcut to Scraptown 582 | -10/Subcaves | Discovered new exit (range 16) 587 | -10/Subcaves | Shifting Twisted Machinery released Scrap Shield 866 | -10/Subcaves | Learned Materials terminal intel 1144 | -10/Subcaves | Shifting Twisted Machinery released Spk. Treads 1356 | -10/Subcaves | Visited 4L-MR0's lab 1406 | -10/Subcaves | Lost 4 allies 1409 | -10/Subcaves | Ambushed by Subdweller buried in earth 1418 | -10/Subcaves | Ambushed by Subdweller buried in earth 1422 | -10/Subcaves | Ambushed by Subdweller buried in earth 1431 | -10/Subcaves | Core integrity fell below 50% 1450 | -10/Subcaves | Entered Scraptown 1450 | -7/Scraptown | System corruption cleaned by C-Scrubber 1453 | -7/Scraptown | Lost 4 parts (1p1u2w) 1576 | -7/Scraptown | Scanned Subdweller tech in exchange for log data 1579 | -7/Scraptown | Learned location of 2 exits from Proximity Caves 1590 | -7/Scraptown | Discovered new exit (range 13) 1653 | -7/Scraptown | Visited Assassins FH 1661 | -7/Scraptown | Visited Symbiants 1674 | -7/Scraptown | Visited Shadow of the Wyrm 1688 | -7/Scraptown | Visited CPS Storage 1720 | -7/Scraptown | Visited Cyclists 1738 | -7/Scraptown | Visited Awakened 1758 | -7/Scraptown | Visited UFD Registry 1758 | -7/Scraptown | Registered with UFD as "Cogsourcer" 1781 | -7/Scraptown | Visited Scrapoid Pod Storage 1795 | -7/Scraptown | Visited Scrapoid Research Area 1809 | -7/Scraptown | Visited LU-1G1's Boring Crew 1837 | -7/Scraptown | Delivered Scrap Shield to a Scientist 1886 | -7/Scraptown | Visited Curators Association 1919 | -7/Scraptown | Visited Supply Room 1937 | -7/Scraptown | Visited Infowarlord's Domain 1946 | -7/Scraptown | Visited Cartography Club 1972 | -7/Scraptown | Found Surveybot 17 Chip 2023 | -7/Scraptown | Learned location of Archives (-4) 2023 | -7/Scraptown | Learned location of Warlord (-5) 2023 | -7/Scraptown | Learned location of Armory (-3) 2023 | -7/Scraptown | Learned 16 Factory zone layouts 2023 | -7/Scraptown | Learned 20 Factory zone layouts 2023 | -7/Scraptown | Learned 12 Research zone layouts 2023 | -7/Scraptown | Learned 24 Factory zone layouts 2023 | -7/Scraptown | Learned 4 Access zone layouts 2023 | -7/Scraptown | Learned 8 Access zone layouts 2023 | -7/Scraptown | Learned 16 Upper Caves zone layouts 2023 | -7/Scraptown | Learned 4 Hub_04(d) zone layouts 2023 | -7/Scraptown | Learned 4 Armory zone layouts 2023 | -7/Scraptown | Learned location of 2 exits from Research 2023 | -7/Scraptown | Learned location of 3 exits from Lower Caves 2023 | -7/Scraptown | Learned location of 2 exits from Proximity Caves 2053 | -7/Scraptown | Found Deep Structural Scanner 2099 | -7/Scraptown | Visited Chapter 10 2115 | -7/Scraptown | Visited Supply Room 2169 | -7/Scraptown | Found Exp. Terrain Scanner 3050 | -7/Scraptown | Met Optimus 3050 | -7/Scraptown | Accepted into 0bPrime 3099 | -7/Scraptown | Discovered new exit (range 3) 3101 | -7/Scraptown | Entered Factory 3101 | -5/Factory | Evolved 10 slots: Power x2, Utility x7, Weapon x1 3102 | -5/Factory | Identified exit to Upper Caves 3103 | -5/Factory | Identified exit to Factory 3142 | -5/Factory | Central database locked down 3201 | -5/Factory | Scrapoids reinforcements arrived? 3271 | -5/Factory | Scrapoid reinforcements arrived 3432 | -5/Factory | Fabricated Quantum Rifle (x2) 3498 | -5/Factory | Build established: Commander-Mutant 3741 | -5/Factory | Entered another Factory area 3741 | -4/Factory | Accompanied by 2 allies 3741 | -4/Factory | Evolved 2 slots: Utility x2 3742 | -4/Factory | Identified exit to Upper Caves 3831 | -4/Factory | Discovered new exit (range 30) 3865 | -4/Factory | Scrapoids reinforcements arrived? 3935 | -4/Factory | Identified exit to Research 3941 | -4/Factory | Lost 4 allies 3991 | -4/Factory | First assault squad dispatched 4154 | -4/Factory | Identified exit to Extension 4200 | -4/Factory | Lost 3 parts (2u1w) 4232 | -4/Factory | Core integrity fell below 50% 4255 | -4/Factory | Found Prototype Device 4255 | -4/Factory | Identified Adv. EM Shield 4267 | -4/Factory | Lost 3 parts (3u) 4303 | -4/Factory | Entered Extension 4371 | -4/Extension | Core integrity fell below 20% 4374 | -4/Extension | Destroyed by G-67 Veteran with Plasma Rifle Last Messages --------------- 04314_ Slammed into R-10 Processor. 04318_ Connecting with Terminal... 04324_ O-16 Technician: "IFF HANDSHAKE FAILED. SECURING TERMINAL." 04330_ System corrupted: Heat flow error (+157). 04330_ Connecting with Terminal... 04331_ Terminal disabled. 04350_ System corrupted: Matter fused (-9). 04363_ G-67 Veteran springs to life. 04366_ U-05 Engineer destroyed. 04367_ Slug penetrates Wall. 04368_ R-10 Processor collects Structural Scanner. 04369_ Penetrated by Slug. 04371_ Triggered Fusion Bomb Trap. 04371_ An explosion rips through the floor. 04372_ Penetrated by Slug. 04373_ Slug penetrates Wall. 04373_ Penetrated by Slug. 04374_ Connecting with Door Terminal... >>Open(Door) Sealed Heavy Doors opened. Map ----- +----------------------------------------------------+ | | | | | | | | | | | | | | | | | | | | | | | | | | | | | ?????????????????????????????????????????????????? | | ?????????????????###?#########???????????????????? | | ################## ## #?????###???????????? | | # ##### ????????????? | | ???????????? | | Y ???????????? | | !%= ????????????? | | # ! #???????????????????? | | ###+#"########## g #???????????????????? | | ?? ???????## ####???????????????????? | | ?? ??????# ## # #T #????????????????????? | | ? ????????### ###@ ##????????????????????? | | #?????????##??#gl#?????????????????????? | | / #?????????????####?????????????????????? | | / #??????????????????????????????????????? | | // #??????????????????????????????????????? | | #??????????????????????????????????????? | | * #??????????????????????????????????????? | | #??????????????????????????????????????? | | #??????????????????????????????????????? | | ###########??????????????????????????????????????? | | ?????????????????????????????????????????????????? | | ?????????????????????????????????????????????????? | | ?????????????????????????????????????????????????? | | ?????????????????????????????????????????????????? | | ?????????????????????????????????????????????????? | | ?????????????????????????????????????????????????? | | ?????????????????????????????????????????????????? | | ?????????????????????????????????????????????????? | | ?????????????????????????????????????????????????? | | ?????????????????????????????????????????????????? | | ?????????????????????????????????????????????????? | | ?????????????????????????????????????????????????? | | ?????????????????????????????????????????????????? | | ?????????????????????????????????????????????????? | | ?????????????????????????????????????????????????? | +----------------------------------------------------+ Best States ------------- Heat Dissipation 43 Energy Generation 14 Energy Capacity 140 Matter Stores 300 Matter Capacity 300 Sight Range 16 Robot Scan Range 16 Terrain Scan Range 30 Terrain Scan Density 1210 Evasion (%) 50 Target Analysis 8 Salvage Targeting 4 Offensive Hacking 22 Defensive Hacking 10 Item Schematics ----------------- Enh. Force Lance | -5/Factory | Hacked CPS Tube | -5/Factory | Scanalyzed Robot Schematics ------------------ None Fabricated ------------ Quantum Rifle | x2 | -5/Factory | Preloaded Repaired ---------- Nothing Studied --------- Chainsword | -5/Factory | Hacked Alien Tech Used ----------------- None Achievements -------------- None Challenges ------------ None Game ------ Seed PoweredTransportShooter Manual? 0 Play Time 00:44:25 Cumulative 497.8 hours Start 2025.11.14 @ 08:31:55 End 2025.11.14 @ 09:29:21 Sessions 1 Manual Loads 0 Difficulty Rogue Special Mode None Game No. 672 Rogue 672 Adventurer 0 Explorer 0 Win Type - Total 16 Types 8/0/2/2/1/0/2/1/0/0 Lore% 91 Gallery% 85 Achievement% 66 Wizard Run 0 Options --------- Layout 0 ASCII 0 Keyboard 0 Movement Mouse Keybinds 0 Fullscreen 1 Font 24/Terminus Map View 76x50 Zoom Use 0% Tactical HUD 1 Map Filters NONE Filters NONE Steam 1 RUN: 0126c953-88cd-46eb-b502-755c31bbe999